 Dungeon Crawl Stone Soup version 0.22-a0-525-gf69a080 (webtiles) character file.

252 wazuzu the Sneak (level 6, -3/28 HPs)
             Began as a Vine Stalker Enchanter on June 20, 2018.
             Killed by nerve-wracking pain
             ... invoked by Grinder
              (10 damage)
             ... on level 3 of the Dungeon.
             The game lasted 00:06:34 (3248 turns).

wazuzu the Sneak (Vine Stalker Enchanter)           Turns: 3248, Time: 00:06:35

Health: -3/28      AC:  7    Str: 12    XL:     6   Next: 14%
Magic:  0/10       EV: 10    Int: 15    God:
Gold:   163        SH:  0    Dex: 15    Spells: 8/9 levels left

rFire    . . .     SeeInvis .   a - +1 dagger
rCold    . . .     Gourm    .   (no shield)
rNeg     . . .     Faith    .   f - +0 ring mail
rPois    .         Spirit   +   j - +1 hat
rElec    .         Reflect  .   (no cloak)
rCorr    .         Harm     .   g - +0 pair of gloves
MR       .....                  (no boots)
Stlth    ++........             (no amulet)
HPRegen  0.49/turn              (no ring)
MPRegen  0.12/turn              (no ring)

@: no status effects
A: fangs 2, regeneration 1, magic shield, antimagic bite, no potion heal 3, rot
immunity
a: no special abilities


You were on level 3 of the Dungeon.
You were not hungry.

You visited 1 branch of the dungeon, and saw 3 of its levels.

You collected 163 gold pieces.

Inventory:

Hand Weapons
 a - a +1 dagger (weapon)
Missiles
 e - 87 stones (quivered)
Armour
 f - a +0 ring mail (worn)
 g - a +0 pair of gloves (worn)
 j - a +1 hat (worn)
Jewellery
 l - an uncursed amulet of guardian spirit
Wands
 b - a wand of enslavement (17)
 k - a wand of polymorph (14)
 o - a wand of iceblast (9)
Scrolls
 c - a scroll of enchant armour
 h - 3 scrolls of remove curse
 q - 2 scrolls of enchant weapon {unknown}
Potions
 m - a potion of curing
 n - 2 potions of resistance
 r - a potion of ambrosia
Comestibles
 d - 6 rations
 i - 2 chunks of flesh


   Skills:
 * Level 4.4 Short Blades
 - Level 1.5 Dodging
 + Level 5.7 Stealth
 - Level 2.1 Spellcasting
 - Level 3.0 Hexes


You had 8 spell levels left.
You knew the following spells:

 Your Spells              Type           Power        Failure   Level  Hunger
a - Corona                Hex            ##.....      14%         1    #......

Your spell library contained the following spells:

 Spells                   Type           Power        Failure   Level  Hunger
 Confuse                  Hex            ##......     41%         3    ###....
 Tukima's Dance           Hex            ##......     41%         3    ###....
 Ensorcelled Hibernation  Hex/Ice        #.....       38%         2    ###....
 Dazzling Spray           Conj/Hex       #.....       63%         3    ###....


Dungeon Overview and Level Annotations

Branches:
Dungeon (3/15)

Altars:
Makhleb

Annotations:
D:3 Grinder, Sigmund


Innate Abilities, Weirdness & Mutations

You have extremely sharp teeth.
Your natural rate of healing is unusually fast.
When hurt, damage is shared between your health and your magic reserves.
Your bite disrupts and absorbs the magic of your enemies.
Potions cannot restore your health.
You are immune to rotting.


Message History

You can move again.
There is a stone staircase leading down here.
Okay, then.
Grinder is nearby!
Grinder says, "I used to sell toenails on the black market."
You barely miss Grinder. You closely miss Grinder. Grinder hits you!
You writhe in agony.
You hit Grinder.
Grinder is lightly wounded.
Grinder hits you.
You writhe in agony.
You hit Grinder. You bite Grinder.
Grinder's magic leaks into the air.
You drain her magic.
You feel invigorated.
Grinder is lightly wounded.
Grinder hits you.
You writhe in agony.
* * * LOW HITPOINT WARNING * * *
You hit Grinder. You bite Grinder, but do no damage.
Grinder is moderately wounded.
Grinder gestures at you. Pain shoots through your body!
You die...

#.. #..# #.#
#.###..#######.>#
#.#
......5.<........
#.#
######.#######..#
#.# #.# #..######.##
#.# ........... #.#
######.#
#>########.#######.#
#.5@................
####################


You could see Grinder.

Vanquished Creatures
  Purgy (D:3)
  Ijyb (D:3)
  Terence (D:3)
  3 adders
  3 worms
  3 dart slugs (D:1)
  A leopard gecko (D:3)
  2 orcs (D:3)
  2 ball pythons
  5 bats
  5 giant cockroaches
  5 goblins
  3 hobgoblins
  6 jackals
  4 kobolds
  3 quokkas (D:3)
  7 frilled lizards
  11 rats
66 creatures vanquished.

Notes
Turn   | Place    | Note
-------+----------+-------------------------------------------
     0 | D:1      | wazuzu the Vine Stalker Enchanter began the quest for the Orb.
     0 | D:1      | Reached XP level 1. HP: 9/9 MP: 4/4
     0 | D:1      | Noticed a centaur
     0 | D:1      | Noticed a gargoyle
    17 | D:1      | Noticed a vine stalker
    19 | D:1      | Noticed an octopode
    21 | D:1      | Noticed a gargoyle
    40 | D:1      | Reached skill level 1 in Short Blades
   372 | D:1      | Reached XP level 2. HP: 13/13 MP: 6/6
   378 | D:1      | Reached skill level 4 in Stealth
   832 | D:1      | Reached XP level 3. HP: 16/16 MP: 7/7
  1177 | D:2      | Found a burning altar of Makhleb.
  1624 | D:2      | Gained mutation: Your natural rate of healing is unusually fast. [Vine Stalker growth]
  1624 | D:2      | Reached XP level 4. HP: 8/21 MP: 6/8
  2281 | D:3      | Noticed Terence
  2472 | D:3      | Killed Terence
  2541 | D:3      | Reached skill level 5 in Stealth
  2706 | D:3      | Noticed Purgy
  2799 | D:3      | Killed Purgy
  2799 | D:3      | Reached XP level 5. HP: 10/24 MP: 9/9
  3057 | D:3      | Noticed Ijyb
  3090 | D:3      | Reached XP level 6. HP: 24/28 MP: 8/10
  3129 | D:3      | Killed Ijyb
  3185 | D:3      | Noticed Sigmund
  3185 | D:3      | Noticed Grinder
  3234 | D:3      | Paralysed by Grinder for 3 turns
  3248 | D:3      | Killed from afar by Grinder

Vault maps used:
D:1:      shiori_arrival_whats_in_store_for_you
D:2:      nicolae_overflow_crystal_walls
D:3:      first_ration, due_unseen_surprise, uniq_sigmund, uniq_grinder,
          uniq_purgy, uniq_ijyb, uniq_terence

Skill      XL: |  1  2  3  4 |
---------------+-------------+-----
Short Blades   | 1 2 4 |  4.4
Stealth        | 4 5 |  5.7
Dodging        | |  1.5
Spellcasting   | |  2.1
Hexes          | |  3.0

Action                   |  1- 3 |  4- 6 || total
-------------------------+-------+-------++-------
Melee: Dagger            |   135 |   281 ||   416
       Bite              |    26 |    81 ||   107
  Use: Scroll            |     3 |     2 ||     5
       Potion            |     1 |     3 ||     4
 Stab: Sleeping          |     4 |     6 ||    10
       Invisible         |       |     1 ||     1
  Eat: Chunk             |     2 |     6 ||     8
Armor: Robe              |     1 |       ||     1
       Ring mail         |    45 |    93 ||   138
Dodge: Dodged            |    69 |   123 ||   192

Table legend:
 A = Spawn XP
 B = Non-spawn XP
 C = Spawn XP percentage of total XP
 D = Spawn monster count
 E = Non-spawn monster count
 F = Spawn count percentage of total count
 G = Total turns spent on level
                    A         B        C        D         E        F      G
               +---------+---------+-------+---------+---------+-------+---------
         Total |       0 |     361 |   0.0 |       0 |      66 |   0.0 |  3248
               +---------+---------+-------+---------+---------+-------+---------
           D:1 |       0 |      48 |   0.0 |       0 |      19 |   0.0 |  1062
           D:2 |       0 |      61 |   0.0 |       0 |      22 |   0.0 |  1231
           D:3 |       0 |     252 |   0.0 |       0 |      25 |   0.0 |   955
               +---------+---------+-------+---------+---------+-------+---------
